Map: 2000 Atmospheres LE

Players

A.I. 1 (Very Easy) - Winner!

  • Race: Terran Terran

EGOR

  • Race: Zerg Zerg

VOD

Have the link to the VOD?

Description

ZvT ling bane hydra macro trainer

Time

  • Played on: Dec. 31, 2021, 1:48 p.m.
  • Length: 7:02
Show
View Real Time Build Order
Export as new Build Order

A.I. 1 (Very Easy) Terran - Winner!

Build Orders:  

Get SALT Encoding   

  12  0:00  SCV  
  13  0:13  SCV  
  14  0:18  Supply Depot  
  14  0:37  Refinery  
  14  0:42  Barracks  
  14  1:02  Supply Depot  
  14  1:12  Refinery  
  14  1:29  Marine  
  14  1:30  Orbital Command  
  15  1:56  SCV  
  16  2:08  SCV  
  17  2:13  Marine  
  18  2:20  SCV  
  19  2:32  SCV  
  20  2:44  SCV  
  21  2:56  SCV  
  21  2:58  Barracks Tech Lab  
  22  3:17  Marauder  
  24  4:13  SCV  
  24  6:35  SCV  
  24  6:36  Marine  
  24  6:37  Supply Depot  
  24  6:38  Factory  
  26  6:40  Command Center  
  26  6:47  SCV  
  27  7:00  Supply Depot  
Show
View Real Time Build Order
Export as new Build Order

EGOR Zerg 

Build Orders: Hatch First 

Get SALT Encoding   

  12  0:00  Drone  
  13  0:12  Overlord  
  13  0:17  Drone  
  14  0:31  Drone x2  
  16  0:48  Hatchery  
  15  0:52  Drone  
  15  0:56  Drone  
  17  1:00  Drone  
  18  1:10  Extractor  
  17  1:15  Spawning Pool  
  17  1:18  Drone  
  17  1:21  Drone  
  18  1:28  Drone  
  19  1:38  Drone  
  20  2:01  Queen x2  
  20  2:02  Zergling x4  
  20  2:03  Drone  
  27  2:14  Hatchery  
  26  2:20  Overlord  
  26  2:22  Drone  
  27  2:26  Drone  
  28  2:33  Metabolic Boost  
  28  2:39  Drone  
  28  2:40  Drone x2  
  31  2:44  Overlord  
  31  2:51  Queen  
  31  2:55  Drone  
  31  2:58  Drone x2  
  35  3:04  Overlord  
  36  3:10  Drone x2  
  36  3:11  Drone x2  
  40  3:16  Drone  
  40  3:18  Overlord  
  41  3:26  Queen  
  43  3:28  Drone x2  
  43  3:33  Queen  
  47  3:36  Zergling x2  
  47  3:38  Zergling x4  
  50  3:43  Zergling x6  
  53  3:50  Zergling x4  
  53  3:54  Drone  
  56  3:59  Overlord  
  56  4:00  Drone x3  
  59  4:06  Queen  
  59  4:08  Drone  
  59  4:09  Queen  
  62  4:14  Drone x2  
  62  4:16  Baneling Nest  
  65  4:19  Drone x2  
  65  4:20  Drone x2  
  65  4:24  Drone x2  
  71  4:27  Lair  
  71  4:29  Extractor  
  71  4:30  Drone  
  71  4:35  Drone x2  
  71  4:37  Drone  
  71  4:38  Overlord  
  74  4:39  Overlord  
  74  4:49  Overlord  
  74  4:53  Overlord  
  74  4:57  Drone  
  74  4:58  Drone x8  
  83  5:06  Drone x2  
  85  5:09  Overlord  
  85  5:14  Hatchery  
  85  5:19  Hatchery  
  83  5:22  Extractor x3  
  83  5:23  Drone x4  
  83  5:24  Drone  
  83  5:25  Drone  
  86  5:33  Drone x2  
  88  5:35  Evolution Chamber x2  
  88  5:36  Overlord  
  86  5:51  Drone x2  
  86  5:52  Hydralisk Den  
  86  5:55  Zergling x2  
  86  5:56  Zergling x22  
  99  5:57  Baneling x4  
  99  5:58  Baneling x3  
  99  6:03  Drone  
  100  6:12  Drone  
  100  6:13  Drone x4  
  105  6:20  Overlord x2  
  105  6:23  Drone x5  
  110  6:33  Hydralisk x3  
  110  6:34  Hydralisk  
  120  6:42  Zergling x2  
  120  6:43  Zergling x8  
Tags
 
Add a new tag
Caveats
  • Supply blocks, unpowered buildings, or Contaminate may cause inaccurate times.
  • Supply counts are checked every 10 seconds.